cohdb
Replays
Latest Replays
All Replays
Popular Replays
Top Player Replays
Match Explorer
How It Works
Community
CoH3 Stats
Reddit
Sign in to upload your games and track your stats! →
Sign in with Steam
Match 46770155
Unlisted
Match 46770155
Overview
Messages
Build Orders
End
Scout Squad
Construct Barracks
Selects Advanced Infantry Battlegroup
Selects Advanced Infantry Battlegroup
Riflemen Squad
Scout Squad
Riflemen Squad
Grenade Package
Selects Artillery Observers
Construct Medical Station
Infantry Support Center
Construct Weapon Support Center
M3 Armored Personnel Carrier
Advanced Logistics
Bazooka Squad
Selects Convert to Ranger Squad
Selects Designate Assault Position
Riflemen Squad
M1918 Browning Automatic Rifles
Selects Infantry Assault
Infantry Assault
Bazooka Squad
Improved M9 Bazooka Rockets
Survival Training
Selects M2A1 105mm Howitzer Emplacement
Infantry Assault
Dr. Jekyll
PutPut-AusarTheVile
WilllTHENOOBz
aSIIDemolitionHammer
0
0
Comments
sign in to comment!
No comments posted yet!